 Dungeon Crawl Stone Soup version 0.19.0-2-gae57169 (console) character file.

3696 Kloppie the Grappler (level 9, -9/89 HPs)
             Began as a Troll Berserker on Nov 6, 2016.
             Was a High Priest of Trog.
             Killed from afar by an electric eel (12 damage)
             ... with a bolt of electricity
             ... on level 8 of the Dungeon.
             The game lasted 00:08:56 (5005 turns).

Kloppie the Grappler (Troll Berserker)              Turns: 5005, Time: 00:08:57

Health: -9/89      AC:  7    Str: 27    XL:     9   Next: 90%
Magic:  8/8        EV:  8    Int:  3    God:    Trog [*****.]
Gold:   373        SH: 17    Dex: 12    Spells: 0 memorised, 8 levels left

rFire  . . .     SeeInvis .       - Unarmed
rCold  + . .     Gourm    +     q - +2 robe {rC+}
rNeg   . . .     Faith    .     d - +0 large shield
rPois  +         Spirit   .     (helmet restricted)
rElec  .         Reflect  .     (no cloak)
rCorr  .         Harm     .     (gloves unavailable)
MR     +++..                    (boots unavailable)
Stlth  +.........               (no amulet)
                                F - ring of protection from magic
                                D - ring of poison resistance

@: regenerating
A: unfitting armour, claws 3, fast metabolism 3, gourmand, regeneration 1,
shaggy fur 1, tough skin 2
a: Berserk, Trog's Hand, Brothers in Arms, Burn Spellbooks, Renounce Religion


You were on level 8 of the Dungeon.
You worshipped Trog.
Trog was extremely pleased with you.
You were very full.

You visited 1 branch of the dungeon, and saw 8 of its levels.

You collected 373 gold pieces.

Inventory:

Armour
 d - a +0 large shield (worn)
 q - a +2 robe of cold resistance (worn)
Jewellery
 v - an uncursed ring of see invisible {unknown}
 D - a ring of poison resistance (left claw)
 F - a ring of protection from magic (right claw)
Wands
 a - a wand of flame (25/48)
 l - a wand of digging (12/24)
 p - a wand of paralysis (7/24)
 t - a wand of flame (21/48)
 z - a wand of slowing (22/48)
 A - a wand of digging (21/24)
 H - a wand of flame (24/48)
 J - a wand of lightning (10/15)
Scrolls
 r - 3 scrolls of recharging
 u - 2 scrolls of magic mapping
 y - 2 scrolls of fear
 E - 4 scrolls of teleportation
 I - a scroll of enchant armour
 K - a scroll of enchant weapon
Potions
 e - 3 potions of agility
 f - 3 potions of flight
 g - 2 potions of might
 i - a potion of haste
 k - 3 potions of invisibility {unknown}
 m - 3 potions of curing {unknown}
 o - 3 potions of heal wounds {unknown}
 s - a potion of magic {unknown}
 w - 2 potions of ambrosia {unknown}
 x - 2 potions of degeneration {unknown}
 B - a potion of brilliance {unknown}
 C - a potion of lignification {unknown}
 G - a potion of berserk rage {unknown}
Comestibles
 b - 7 bread rations
 c - 4 chunks of flesh
 h - 6 meat rations
 j - a royal jelly
 n - 3 fruits


   Skills:
 + Level 6.1 Fighting
 - Level 2.4 Dodging
 + Level 8.2 Shields
 - Level 8.4 Unarmed Combat


You had 8 spell levels left.
You didn't know any spells.

Dungeon Overview and Level Annotations

Branches:
Dungeon (8/15)             Temple (0/1) D:4
   Lair: D:8-11

Altars:
Ashenzari
Cheibriados
Dithmenos
Okawaru
Sif Muna

Annotations:
D:6 Prince Ribbit


Innate Abilities, Weirdness & Mutations

You are too large for most types of armour.
You have claws for hands.
Your metabolism is lightning-fast.
You like to eat raw meat.
Your natural rate of healing is unusually fast.
You are covered in fur. (AC +1)
You have very tough skin. (AC +2)


Message History

You feel resistant to hostile enchantments.
You feel somewhat less full.
You enter the shallow water.
Moving in this stuff is going to be slow.
The electric eel shoots out a bolt of lightning at you!
The bolt of electricity hits the plant.
The bolt of electricity hits you!
* * * LOW HITPOINT WARNING * * *
The bolt of electricity hits the plant. x2
The electric eel shoots out a bolt of lightning at you!
The bolt of electricity hits the plant.
The bolt of electricity misses you.
The bolt of electricity hits the plant.
The electric eel shoots out a bolt of lightning at you!
The bolt of electricity hits you!
* * * LOW HITPOINT WARNING * * *
The electric eel shoots out a bolt of lightning at you!
The bolt of electricity hits the plant.
The bolt of electricity hits you!
* * * LOW HITPOINT WARNING * * *
The electric eel shoots out a bolt of lightning at you!
The bolt of electricity hits the plant.
The bolt of electricity hits you!
You die...

.# .♣♣ ≈.♣ #########
.P♣ #........ ≈P♣
+.......♣♣♣♣♣♣≈♣♣♣♣♣♣
#.......PP≈♣♣[≈≈≈PPP♣
#.........≈..;≈≈≈≈≈≈.
#......@P♣P♣P;≈≈P♣♣♣≈
#.......♣♣♣♣♣P.≈♣♣
#.........# ♣P.P♣
####
###.........#♣♣♣≈≈♣
#.#..( .............♣
≈P♣ #.....
#.......)..## .♣♣
).....
####..........# ..
...## #..........(..#
#. ####.##..........#
#.


You could see an electric eel.

Vanquished Creatures
  Joseph (D:8)
  Grinder (D:5)
  Sigmund (D:3)
  Duvessa (D:4)
  2 orc warriors
  3 sky beasts
  An ice beast (D:6)
  4 phantoms
  A black bear (D:7)
  A necrophage (D:7)
  2 ogres (D:7)
  A crocodile (D:7)
  Blork the orc (D:5)
  A big kobold (D:7)
  A bullfrog (D:7)
  Dowan (D:4)
  7 wights
  2 crimson imps
  A howler monkey (D:6)
  A centaur zombie (D:7)
  A hound (D:4)
  A bullfrog zombie (D:7)
  A jelly (D:7)
  A bullfrog skeleton (D:5)
  A centaur skeleton (D:5)
  5 orc priests
  5 orc wizards (D:6)
  5 worker ants
  A howler monkey zombie (D:5)
  9 gnolls
  10 adders
  2 shadow imps
  An adder skeleton (D:8)
  An adder zombie (D:6)
  3 worms (D:2)
  A dart slug (D:3)
  8 leopard geckos
  26 orcs
  2 ball pythons
  4 giant cockroaches
  7 goblins
  9 hobgoblins
  13 jackals
  A quokka (D:2)
  9 bats
  4 frilled lizards
  2 jackal skeletons
  9 kobolds
  A leopard gecko zombie (D:8)
  14 rats
191 creatures vanquished.

Notes
Turn   | Place    | Note
-------+----------+-------------------------------------------
     0 | D:1      | Kloppie the Troll Berserker began the quest for the Orb.
     0 | D:1      | Reached XP level 1. HP: 22/22 MP: 0/0
   104 | D:1      | Reached XP level 2. HP: 29/29 MP: 1/1
   671 | D:2      | Reached ** piety under Trog
   671 | D:2      | Reached skill level 1 in Shields
   673 | D:2      | Reached XP level 3. HP: 34/36 MP: 2/2
   744 | D:2      | Found a shadowy altar of Dithmenos.
   939 | D:2      | Reached XP level 4. HP: 42/44 MP: 3/3
  1073 | D:3      | Noticed Sigmund
  1225 | D:3      | Reached *** piety under Trog
  1400 | D:3      | Killed Sigmund
  1400 | D:3      | Reached skill level 5 in Unarmed Combat
  1400 | D:3      | Reached XP level 5. HP: 32/50 MP: 0/4
  1400 | D:3      | Reached XP level 6. HP: 38/59 MP: 0/5
  1631 | D:4      | Noticed a sky beast
  1649 | D:4      | Killed a sky beast
  1718 | D:4      | Noticed Duvessa
  1718 | D:4      | Noticed Dowan
  1727 | D:4      | Killed Duvessa
  1730 | D:4      | Killed Dowan
  1730 | D:4      | Reached XP level 7. HP: 66/66 MP: 6/6
  1800 | D:4      | Found a staircase to the Ecumenical Temple.
  2093 | D:4      | Found a snail-covered altar of Cheibriados.
  2223 | D:5      | Entered Level 5 of the Dungeon
  2229 | D:5      | Noticed Grinder
  2229 | D:5      | Paralysed by Grinder for 2 turns
  2246 | D:5      | Paralysed by Grinder for 5 turns
  2257 | D:5      | Killed Grinder
  2257 | D:5      | Reached skill level 5 in Shields
  2257 | D:5      | Reached XP level 8. HP: 42/74 MP: 7/7
  2356 | D:5      | Reached **** piety under Trog
  2397 | D:5      | Noticed Blork the orc
  2404 | D:5      | Killed Blork the orc
  2602 | D:5      | Found a shattered altar of Ashenzari.
  3147 | D:6      | Noticed Prince Ribbit
  3322 | D:6      | HP: 5/111 [wight/enchanted halberd (2)]
  3458 | D:6      | Reached XP level 9. HP: 56/83 MP: 8/8
  4413 | D:7      | Reached skill level 5 in Fighting
  4503 | D:7      | Found an iron altar of Okawaru.
  4524 | D:7      | Found a deep blue altar of Sif Muna.
  4564 | D:7      | Reached ***** piety under Trog
  4960 | D:8      | Noticed Joseph
  4971 | D:8      | Killed Joseph
  5004 | D:8      | HP: 2/89 [electric eel/bolt of electricity (6)]
  5005 | D:8      | Killed from afar by an electric eel

Skill      XL: |  1  2  3  4  5  6  7  8  9 |
---------------+----------------------------+-----
Shields        | 1 2 4 5 6 8 |  8.2
Unarmed Combat | 4 5 6 7 8 |  8.4
Fighting       | 3 6 |  6.1
Dodging        | |  2.4

Action                   |  1- 3 |  4- 6 |  7- 9 || total
-------------------------+-------+-------+-------++-------
Melee: Unarmed           |    89 |    98 |   408 ||   595
Invok: Berserk           |       |     2 |     5 ||     7
       Trog's Hand       |       |     1 |     6 ||     7
  Use: Scroll            |       |       |    15 ||    15
 Stab: Sleeping          |     1 |       |       ||     1
       Distracted        |       |       |     1 ||     1
  Eat: Chunk             |    14 |     8 |    39 ||    61
Armor: Animal skin       |    25 |    14 |       ||    39
       Robe              |       |     6 |    62 ||    68
Dodge: Dodged            |    10 |    17 |    71 ||    98
Block: Large shield      |    65 |    83 |   304 ||   452
